3222 views
Uploaded 2020-03-30 21:05:17
Game version 1.32.3
8:30 long 4on4 ladder game on (8)Mur'gulOasis_LV
Saved by Teelo
3222 views
Uploaded 2020-03-30 21:05:17
Game version 1.32.3
8:30 long 4on4 ladder game on (8)Mur'gulOasis_LV


61 units @ 6.2k
/ 0.3k
43 buildings @ 5.5k
/ 1.7k

| Wisp | 10 | 600 | / | 0 |
| total: | 10 | 600g | / | 0w |
| Altar of Elders | 2 | 360 | / | 100 |
| Moon Well | 1 | 180 | / | 40 |
| Tree of Ages | 1 | 320 | / | 180 |
| total: | 3 | 540g | / | 140w |
| 0:04 | Wisp |
| 0:04 | Wisp |
| 0:06 | Altar of Elders |
| 0:08 | Moon Well |
| 0:10 | Altar of Elders |
| 0:31 | Wisp |
| 0:46 | Wisp |
| 0:53 | Wisp |
| 1:04 | Wisp |
| 1:29 | Wisp |
| 1:45 | Wisp |
| 1:53 | Wisp |
| 2:09 | Trueshot Aura |
| 2:50 | Wisp |
| 5:03 | Searing Arrows |
| 6:30 | Trueshot Aura |
| 7:20 | Tree of Ages |
| Right click | 266 |
| Resource trade | 144 |
| Select | 81 |
| Misc. action | 51 |
| Build/train/purchase | 18 |
| Chat | 12 |
| Assign group | 8 |
| Select group | 4 |
| Use ability | 1 |
| Item give/drop | 1 |

| Peasant | 11 | 825 | / | 0 |
| Footman | 5 | 675 | / | 0 |
| total: | 16 | 1500g | / | 0w |
| Scout Tower | 2 | 60 | / | 40 |
| Guard Tower | 2 | 140 | / | 100 |
| Barracks | 1 | 160 | / | 60 |
| Altar of Kings | 1 | 180 | / | 50 |
| Farm | 5 | 400 | / | 100 |
| Lumber Mill | 1 | 120 | / | 0 |
| Blacksmith | 1 | 140 | / | 60 |
| Arcane Vault | 1 | 130 | / | 30 |
| Gryphon Aviary | 2 | 280 | / | 300 |
| Keep | 1 | 320 | / | 210 |
| Castle | 1 | 360 | / | 210 |
| total: | 14 | 1470g | / | 640w |
| 0:07 | Peasant |
| 0:07 | Peasant |
| 0:17 | Barracks |
| 0:22 | Altar of Kings |
| 0:40 | Farm |
| 0:42 | Peasant |
| 0:53 | Peasant |
| 1:09 | Peasant |
| 1:16 | Farm |
| 1:24 | Peasant |
| 1:29 | Footman |
| 1:48 | Farm |
| 1:54 | Footman |
| 1:55 | Peasant |
| 2:12 | Peasant |
| 2:14 | Footman |
| 2:28 | Peasant |
| 2:34 | Summon Water Elemental |
| 2:46 | Peasant |
| 2:46 | Peasant |
| 3:06 | Footman |
| 3:20 | Keep |
| 3:28 | Lumber Mill |
| 3:37 | Brilliance Aura |
| 4:09 | Blacksmith |
| 4:16 | Arcane Vault |
| 4:31 | Farm |
| 4:57 | Farm |
| 5:10 | Footman |
| 5:50 | Castle |
| 5:52 | Gryphon Aviary |
| 5:58 | Summon Water Elemental |
| 6:23 | Gryphon Aviary |
| 6:28 | Iron Forged Swords |
| 7:18 | Scout Tower |
| 7:23 | Scout Tower |
| 7:51 | Guard Tower |
| 7:53 | Guard Tower |
| Right click | 173 |
| Select group | 107 |
| Select | 85 |
| Build/train/purchase | 31 |
| Assign group | 16 |
| Use ability | 1 |

| Scroll of Regeneration | 2 | 200 |
| total: | 2 | 200g |
| Peasant | 8 | 600 | / | 0 |
| Footman | 7 | 945 | / | 0 |
| total: | 15 | 1545g | / | 0w |
| Scout Tower | 1 | 30 | / | 20 |
| Arcane Tower | 1 | 70 | / | 50 |
| Altar of Kings | 1 | 180 | / | 50 |
| Barracks | 1 | 160 | / | 60 |
| Farm | 7 | 560 | / | 140 |
| Blacksmith | 1 | 140 | / | 60 |
| Arcane Vault | 1 | 130 | / | 30 |
| Lumber Mill | 1 | 120 | / | 0 |
| Arcane Sanctum | 1 | 150 | / | 140 |
| Keep | 2 | 640 | / | 420 |
| Castle | 1 | 360 | / | 210 |
| total: | 14 | 1470g | / | 500w |
| 0:03 | Peasant |
| 0:03 | Peasant |
| 0:11 | Altar of Kings |
| 0:14 | Barracks |
| 0:20 | Peasant |
| 0:25 | Farm |
| 0:34 | Peasant |
| 0:50 | Peasant |
| 1:08 | Farm |
| 1:16 | Peasant |
| 1:21 | Footman |
| 1:40 | Farm |
| 1:45 | Footman |
| 1:46 | Peasant |
| 1:51 | Scout Tower |
| 2:04 | Footman |
| 2:24 | Summon Water Elemental |
| 2:33 | Footman |
| 2:36 | Farm |
| 2:49 | Footman |
| 2:52 | Arcane Tower |
| 3:10 | Footman |
| 3:16 | Blacksmith |
| 3:19 | Brilliance Aura |
| 3:42 | Arcane Vault |
| 4:21 | Peasant |
| 4:22 | Footman |
| 4:27 | Summon Water Elemental |
| 4:32 | Iron Forged Swords |
| 4:38 | Defend |
| 4:56 | Scroll of Regeneration |
| 5:05 | Scroll of Regeneration |
| 5:14 | Keep |
| 5:18 | Lumber Mill |
| 7:17 | Iron Plating |
| 7:42 | Castle |
| 7:45 | Improved Lumber Harvesting |
| 7:50 | Arcane Sanctum |
| 7:54 | Farm |
| 7:55 | Farm |
| 7:56 | Farm |
| 8:06 | Brilliance Aura |
| Right click | 208 |
| Select | 103 |
| Select group | 100 |
| Build/train/purchase | 46 |
| Assign group | 16 |
| Misc. action | 10 |
| Item give/drop | 1 |

| Healing Salve | 2 | 200 |
| Potion of Healing | 1 | 150 |
| Scroll of Speed | 1 | 50 |
| total: | 4 | 400g |
| Peon | 4 | 300 | / | 0 |
| Troll Headhunter | 9 | 1260 | / | 180 |
| Troll Berserker | 7 | 980 | / | 140 |
| total: | 20 | 2540g | / | 320w |
| Altar of Storms | 1 | 180 | / | 50 |
| Orc Burrow | 7 | 1120 | / | 280 |
| War Mill | 1 | 205 | / | 0 |
| Barracks | 2 | 360 | / | 100 |
| Voodoo Lounge | 1 | 130 | / | 30 |
| Stronghold | 1 | 315 | / | 190 |
| Fortress | 2 | 650 | / | 380 |
| total: | 12 | 1995g | / | 460w |
| 0:04 | Altar of Storms |
| 0:04 | Peon |
| 0:04 | Peon |
| 0:16 | Orc Burrow |
| 0:41 | Peon |
| 0:42 | Peon |
| 0:58 | Stronghold |
| 1:13 | War Mill |
| 1:20 | Barracks |
| 1:34 | Barracks |
| 1:44 | Orc Burrow |
| 1:52 | Voodoo Lounge |
| 2:08 | Endurance Aura |
| 2:12 | Orc Burrow |
| 2:16 | Orc Burrow |
| 2:36 | Steel Ranged Weapons |
| 2:37 | Troll Headhunter |
| 2:38 | Troll Headhunter |
| 2:42 | Troll Headhunter |
| 2:50 | Orc Burrow |
| 3:00 | Healing Salve |
| 3:26 | Fortress |
| 3:29 | Troll Headhunter |
| 3:53 | Troll Headhunter |
| 3:55 | Troll Headhunter |
| 4:11 | War Stomp |
| 4:15 | Troll Headhunter |
| 4:29 | Thorium Ranged Weapons |
| 4:30 | Troll Headhunter |
| 4:32 | Orc Burrow |
| 4:35 | Orc Burrow |
| 5:16 | Endurance Aura |
| 5:24 | Troll Headhunter |
| 5:27 | Healing Salve |
| 5:29 | Potion of Healing |
| 5:31 | Scroll of Speed |
| 5:47 | Arcanite Ranged Weapons |
| 5:48 | Berserker Upgrade |
| 5:50 | Troll Regeneration |
| 6:41 | Troll Berserker |
| 6:41 | Troll Berserker |
| 6:41 | Troll Berserker |
| 6:41 | Troll Berserker |
| 6:43 | Steel Armor |
| 7:14 | Troll Berserker |
| 7:41 | War Stomp |
| 7:45 | Troll Berserker |
| 7:45 | Troll Berserker |
| Right click | 306 |
| Select | 216 |
| Select group | 121 |
| Build/train/purchase | 53 |
| Misc. action | 51 |
| Assign group | 18 |
| Use ability | 6 |
| Item give/drop | 3 |
| Esc | 1 |
| Minimap ping | 1 |
55 units @ 6.2k
/ 0.3k
45 buildings @ 6.3k
/ 1.9k


| Healing Salve | 1 | 100 |
| Lesser Clarity Potion | 1 | 70 |
| total: | 2 | 170g |
| Peon | 7 | 525 | / | 0 |
| Grunt | 5 | 1000 | / | 0 |
| Spirit Walker | 1 | 195 | / | 35 |
| total: | 13 | 1720g | / | 35w |
| Altar of Storms | 1 | 180 | / | 50 |
| Orc Burrow | 5 | 800 | / | 200 |
| Barracks | 1 | 180 | / | 50 |
| Voodoo Lounge | 1 | 130 | / | 30 |
| War Mill | 1 | 205 | / | 0 |
| Tauren Totem | 1 | 135 | / | 155 |
| Stronghold | 1 | 315 | / | 190 |
| Fortress | 1 | 325 | / | 190 |
| total: | 10 | 1630g | / | 485w |
| 0:03 | Peon |
| 0:03 | Peon |
| 0:08 | Altar of Storms |
| 0:17 | Orc Burrow |
| 0:22 | Peon |
| 0:40 | Barracks |
| 0:44 | Peon |
| 0:58 | Peon |
| 1:01 | Peon |
| 1:19 | Peon |
| 1:31 | Orc Burrow |
| 1:46 | Voodoo Lounge |
| 1:58 | Grunt |
| 2:22 | Grunt |
| 2:25 | Feral Spirit |
| 2:49 | Stronghold |
| 3:39 | Chain Lighting |
| 3:43 | Grunt |
| 3:46 | War Mill |
| 3:52 | Orc Burrow |
| 3:57 | Healing Salve |
| 4:00 | Lesser Clarity Potion |
| 5:14 | Orc Burrow |
| 5:17 | Tauren Totem |
| 5:20 | Steel Melee Weapons |
| 6:08 | Healing Wave |
| 6:09 | Grunt |
| 6:09 | Berserker Strength |
| 6:58 | Orc Burrow |
| 6:59 | Fortress |
| 7:00 | Spirit Walker |
| 7:15 | Grunt |
| Chat | 154 |
| Right click | 143 |
| Select | 96 |
| Build/train/purchase | 29 |
| Misc. action | 8 |
| Use ability | 4 |

| Rod of Necromancy | 1 | 150 |
| total: | 1 | 150g |
| Acolyte | 2 | 150 | / | 0 |
| Ghoul | 2 | 240 | / | 0 |
| Crypt Fiend | 4 | 860 | / | 160 |
| total: | 8 | 1250g | / | 160w |
| Graveyard | 1 | 215 | / | 0 |
| Crypt | 1 | 200 | / | 50 |
| Ziggurat | 5 | 750 | / | 250 |
| Altar of Darkness | 1 | 180 | / | 50 |
| Tomb of Relics | 1 | 130 | / | 30 |
| Halls of the Dead | 1 | 320 | / | 210 |
| total: | 9 | 1475g | / | 380w |
| 0:06 | Acolyte |
| 0:14 | Graveyard |
| 0:18 | Crypt |
| 0:20 | Acolyte |
| 0:44 | Ziggurat |
| 1:00 | Altar of Darkness |
| 1:23 | Ghoul |
| 1:29 | Ziggurat |
| 1:45 | Ghoul |
| 2:13 | Tomb of Relics |
| 2:21 | Crypt Fiend |
| 2:49 | Crypt Fiend |
| 3:24 | Crypt Fiend |
| 3:29 | Death Coil |
| 3:44 | Rod of Necromancy |
| 5:10 | Halls of the Dead |
| 5:11 | Crypt Fiend |
| 5:16 | Ziggurat |
| 5:19 | Ziggurat |
| 5:20 | Ziggurat |
| Chat | 84 |
| Right click | 64 |
| Select | 40 |
| Select group | 26 |
| Minimap ping | 20 |
| Build/train/purchase | 14 |
| Assign group | 9 |
| Use ability | 3 |

| Lesser Clarity Potion | 4 | 280 |
| Mechanical Critter | 4 | 200 |
| Healing Salve | 1 | 100 |
| total: | 9 | 580g |
| Peasant | 15 | 1125 | / | 0 |
| Footman | 2 | 270 | / | 0 |
| total: | 17 | 1395g | / | 0w |
| Scout Tower | 7 | 210 | / | 140 |
| Arcane Tower | 1 | 70 | / | 50 |
| Guard Tower | 5 | 350 | / | 250 |
| Altar of Kings | 1 | 180 | / | 50 |
| Farm | 3 | 240 | / | 60 |
| Barracks | 3 | 480 | / | 180 |
| Arcane Vault | 2 | 260 | / | 60 |
| Lumber Mill | 1 | 120 | / | 0 |
| Town Hall | 1 | 385 | / | 205 |
| Keep | 1 | 320 | / | 210 |
| total: | 18 | 1875g | / | 695w |
| 0:03 | Peasant |
| 0:04 | Peasant |
| 0:04 | Peasant |
| 0:25 | Altar of Kings |
| 0:28 | Peasant |
| 0:36 | Farm |
| 0:48 | Peasant |
| 1:06 | Barracks |
| 1:18 | Farm |
| 1:41 | Arcane Vault |
| 1:46 | Lumber Mill |
| 1:49 | Peasant |
| 1:49 | Peasant |
| 1:50 | Peasant |
| 2:00 | Farm |
| 2:09 | Scout Tower |
| 2:12 | Footman |
| 2:16 | Footman |
| 2:22 | Peasant |
| 2:22 | Peasant |
| 2:25 | Peasant |
| 2:35 | Flame Strike |
| 2:46 | Arcane Vault |
| 2:49 | Arcane Tower |
| 2:51 | Peasant |
| 2:51 | Peasant |
| 3:09 | Improved Masonry |
| 3:12 | Scout Tower |
| 3:35 | Lesser Clarity Potion |
| 3:35 | Lesser Clarity Potion |
| 3:37 | Mechanical Critter |
| 3:37 | Mechanical Critter |
| 4:29 | Guard Tower |
| 4:34 | Peasant |
| 4:34 | Peasant |
| 4:37 | Mechanical Critter |
| 4:37 | Mechanical Critter |
| 4:40 | Lesser Clarity Potion |
| 5:21 | Town Hall |
| 5:22 | Scout Tower |
| 5:22 | Scout Tower |
| 5:53 | Guard Tower |
| 5:55 | Scout Tower |
| 6:22 | Scout Tower |
| 6:22 | Scout Tower |
| 6:24 | Guard Tower |
| 6:50 | Keep |
| 6:59 | Guard Tower |
| 7:08 | Healing Salve |
| 7:08 | Lesser Clarity Potion |
| 7:29 | Barracks |
| 7:30 | Barracks |
| 8:03 | Guard Tower |
| Right click | 232 |
| Chat | 212 |
| Select group | 122 |
| Select | 75 |
| Build/train/purchase | 53 |
| Assign group | 26 |
| Misc. action | 7 |
| Use ability | 6 |
| Remove unit | 1 |
| Esc | 1 |
| Minimap ping | 1 |

| Healing Salve | 2 | 200 |
| Lesser Clarity Potion | 1 | 70 |
| total: | 3 | 270g |
| Peon | 10 | 750 | / | 0 |
| Grunt | 1 | 200 | / | 0 |
| Troll Headhunter | 6 | 840 | / | 120 |
| total: | 17 | 1790g | / | 120w |
| Altar of Storms | 1 | 180 | / | 50 |
| Orc Burrow | 4 | 640 | / | 160 |
| Barracks | 1 | 180 | / | 50 |
| Voodoo Lounge | 1 | 130 | / | 30 |
| War Mill | 1 | 205 | / | 0 |
| Stronghold | 2 | 630 | / | 380 |
| total: | 8 | 1335g | / | 290w |
| 0:22 | Peon |
| 0:22 | Peon |
| 0:40 | Altar of Storms |
| 0:40 | Peon |
| 0:55 | Orc Burrow |
| 0:56 | Peon |
| 0:59 | Peon |
| 1:09 | Peon |
| 1:09 | Peon |
| 1:26 | Barracks |
| 1:30 | Peon |
| 1:51 | Orc Burrow |
| 2:05 | Voodoo Lounge |
| 2:08 | Peon |
| 2:28 | War Mill |
| 2:36 | Peon |
| 2:44 | Endurance Aura |
| 2:52 | Orc Burrow |
| 3:10 | Grunt |
| 3:41 | Healing Salve |
| 3:49 | Troll Headhunter |
| 3:50 | Troll Headhunter |
| 4:08 | Steel Ranged Weapons |
| 4:18 | Orc Burrow |
| 4:46 | Troll Headhunter |
| 4:50 | War Stomp |
| 5:03 | Troll Headhunter |
| 5:46 | Troll Headhunter |
| 5:47 | Stronghold |
| 6:32 | Healing Salve |
| 6:33 | Lesser Clarity Potion |
| 6:39 | Troll Headhunter |
| 7:20 | Steel Armor |
| Right click | 345 |
| Select | 103 |
| Chat | 78 |
| Select group | 59 |
| Build/train/purchase | 28 |
| Assign group | 13 |
| Misc. action | 10 |
| Use ability | 4 |
| Item give/drop | 1 |
| Minimap ping | 1 |
⇛